 Dungeon Crawl Stone Soup version 0.30-a0-634-g8abc85282e (webtiles) character file.

Game seed: 304831266606761414

50862 timneilson the Carver (level 14, -8/106 HPs)
             Began as a Demonspawn Gladiator on Jan 15, 2023.
             Was the Champion of Qazlal.
             Killed from afar by a molten gargoyle (16 damage)
             ... with a bolt of magma
             ... on level 4 of the Lair of Beasts.
             The game lasted 00:35:41 (17845 turns).

timneilson the Carver (Demonspawn Gladiator)       Turns: 17845, Time: 00:35:41

Health: -8/106     AC: 24    Str: 18    XL:     14   Next: 21%
Magic:  21/21      EV: 10    Int: 11    God:    Qazlal [******]
Gold:   1252       SH: 23    Dex: 25    Spells: 13/13 levels left

rFire   . . .      SeeInvis .    C - +3 scimitar (flame)
rCold   + . .      Faith    .    B - +2 kite shield {rC+}
rNeg    . . .      Spirit   .    r - +0 plate armour
rPois   .          Reflect  .    o - +2 hat
rElec   .          Harm     .    q - +1 cloak
rCorr   +          Rampage  .    (no gloves)
Will    +....      Clarity  +    M - +0 pair of boots Stlth
                                 (no amulet)
HPRegen 0.37/turn                j - +6 ring of dexterity
MPRegen 0.17/turn                n - ring of resist corrosion

@: protected from physical damage, repel missiles
A: antennae 2, thin skeletal structure 2, icemail 2, spiny 1, condensation
shield, clarity
a: Renounce Religion, Upheaval, Elemental Force, Disaster Area


You were on level 4 of the Lair of Beasts.
You worshipped Qazlal.
Qazlal was exalted by your worship.
You visited 3 branches of the dungeon, and saw 19 of its levels.
You also visited: Sewer, Ossuary and Ice Cave.

You collected 1252 gold pieces.

Inventory:

Hand Weapons
 a - a +0 long sword of freezing
 C - a +3 scimitar of flaming (weapon)
 F - a +4 scimitar
Missiles
 d - 4 throwing nets (quivered)
 e - 7 javelins
Armour
 o - a +2 hat (worn)
 q - a +1 cloak (worn)
 r - a +0 plate armour (worn)
 B - a +2 kite shield of cold resistance (worn)
 K - a +0 chain mail of cold resistance
 M - a +0 pair of boots (worn)
Jewellery
 h - a ring of positive energy
 j - a +6 ring of dexterity (left hand)
 n - a ring of resist corrosion (right hand)
 x - a ring of positive energy
 E - a +5 ring of evasion
 P - a ring of ice
 U - a ring of flight
Wands
 b - a wand of iceblast (21)
 f - a wand of polymorph (5)
 k - a wand of mindburst (27)
 A - a wand of flame (76)
 R - a wand of charming (13)
 T - a wand of digging (7)
Scrolls
 c - 4 scrolls of magic mapping
 g - a scroll of poison
 y - 9 scrolls of teleportation
 D - 10 scrolls of identify
 J - 4 scrolls of enchant armour
 L - 7 scrolls of enchant weapon
 S - 2 scrolls of blinking
Potions
 i - 2 potions of attraction
 l - 11 potions of curing
 m - 4 potions of mutation
 p - a potion of berserk rage
 s - 2 potions of ambrosia
 t - 2 potions of magic
 u - 10 potions of flight
 v - 6 potions of lignification
 w - 3 potions of degeneration
 z - 4 potions of brilliance
 G - a potion of resistance
 H - a potion of haste
 Q - 2 potions of cancellation
Miscellaneous
 I - a condenser vane
 N - a phial of floods


   Skills:
 + Level 8.8 Fighting
 * Level 11.5 Long Blades
 - Level 1.7 Throwing
 * Level 11.0 Armour
 + Level 8.3 Dodging
 * Level 8.4 Shields
 + Level 10.0 Invocations
 + Level 8.3 Evocations


You had 13 spell levels left.
You didn't know any spells.
Your spell library contained the following spells:

 Spells                   Type           Power      Damage    Failure   Level
 Beastly Appendage        Tmut           0%         N/A       100%        1
 Kiss of Death            Conj/Necr      0%         2d5       100%        1
 Scorch                   Fire           0%         2d5       100%        2
 Wereblood                Tmut           0%         N/A       100%        2
 Confusing Touch          Hex            0%         N/A       100%        3
 Gell's Gravitas          Tloc           0%         N/A       100%        3
 Ignite Poison            Fire/Tmut/Pois 0%         N/A       100%        3
 Kindle Blastsparks       Fire/Tloc/Air  0%         2d10      100%        3
 Lesser Beckoning         Tloc           0%         N/A       100%        3
 Ozocubu's Armour         Ice            0%         N/A       100%        3
 Spider Form              Tmut/Pois      0%         N/A       100%        3
 Teleport Other           Tloc           0%         N/A       100%        3
 Tukima's Dance           Hex            0%         N/A       100%        3
 Airstrike                Air            0%         2d(0-16)  100%        4
 Dispel Undead            Necr           0%         3d6       100%        4
 Flame Wave               Conj/Fire      0%         2d4       100%        4
 Olgreb's Toxic Radiance  Pois           0%         N/A       100%        4
 Passage of Golubria      Tloc           0%         N/A       100%        4
 Summon Lightning Spire   Summ/Air       0%         N/A       100%        4
 Freezing Cloud           Conj/Ice/Air   0%         6-21      100%        5
 Lightning Bolt           Conj/Air       0%         1d11      100%        5
 Yara's Violent Unravell  Hex/Tmut       0%         3d3       100%        5
 Summon Cactus Giant      Summ           0%         N/A       100%        6
 Ozocubu's Refrigeration  Ice            0%         4d7       100%        7
 Ignition                 Fire           0%         3d3       100%        8


Dungeon Overview and Level Annotations

Branches:
Dungeon (13/15)            Temple (1/1) D:4            Lair (5/5) D:11
 Shoals (0/4) Lair:2       Spider (0/4) Lair:2          Orc (0/2) D:11
  Sewer (visited)         Ossuary (visited)           IceCv (visited)
  Slime: Lair:4-5    Vaults: D:13-14

Altars:
Ashenzari
Cheibriados
Dithmenos
Fedhas
Gozag
Hepliaklqana
Kikubaaqudgha
Makhleb
Nemelex Xobeh
Okawaru
Qazlal
Ru
Sif Muna
Trog
Uskayaw
Vehumet
Wu Jian
Xom
Yredelemnul

Shops:
D:2 (   D:4 :*   D:11 [(   D:12 :

Portals:
Trove: D:10 (give 6 scrolls of fear)


Innate Abilities, Weirdness & Mutations

You have a pair of antennae on your head.
You have a moderately thin skeletal structure. (Dex +4, Stealth++)
A meltable icy envelope protects you from harm. (AC +0)
You are partially covered in sharp spines.
A meltable shield of frost defends you. (SH +0)
You possess an exceptional clarity of mind.


Message History

You hear a bleat! x2
The molten gargoyle blasts magma at you!
The bolt of magma misses you. You block the wyvern's attack.
The wyvern attacks as you move away! You block the wyvern's attack.
You hear a croak.
You hear a bleat!
A nearby plant withers and dies.
You see here a blink frog corpse.
You hear a bleat!
You block the wyvern's attack.
You see here a fire crab corpse.
The wyvern attacks as you move away! You block the wyvern's attack.
You hear a bleat!
You hear a bleat!
You block the wyvern's attack.
There is a stone staircase leading up here.
The wyvern bites you but does no damage.
The molten gargoyle blasts magma at you!
The bolt of magma hits you.
* * * LOW HITPOINT WARNING * * *
You climb upwards.
There is a stone staircase leading down here.
You slash the wyvern! You burn the wyvern.
You kill the wyvern!
Qazlal accepts your kill. You block the molten gargoyle's attack.
You slash the molten gargoyle!
The molten gargoyle is moderately damaged.
Your protection from physical attacks is fading.
The molten gargoyle barely misses you.
You slash the molten gargoyle!
The molten gargoyle is severely damaged.
You block the molten gargoyle's attack.
You hit the molten gargoyle.
The molten gargoyle is severely damaged.
You block the molten gargoyle's attack.
You slash the molten gargoyle!
The molten gargoyle is almost destroyed.
The molten gargoyle blasts magma at you!
The bolt of magma hits you!
You die...

##.#.# #.####.#### ###P.# ##
##....####.##..###P## ##..<.## #.
...............#....###......# #.
..............#.#...##.......###.
...............................).
.#......#...P...PP.###...........
................#○°##............
.......#.......#†°.###..........#
............P..9@.○P....#.#.P#.#.
.#...........####§..........#####
.#...........#.##§...............
...................###.......##..
............##.##.######....##...
............#####..#.##.#.#.P.#..
............# #.#.........P....
............### #.##.............
............P.###................


You could see a molten gargoyle.

Vanquished Creatures
  A frost giant (IceCv)
  Azrael (D:13)
  Josephine (D:12)
  A fire dragon (Lair:2)
  3 hydras
  A catoblepas (Lair:1)
  A boulder beetle (Lair:3)
  6 death yaks (IceCv)
  2 two-headed ogres
  Erica (D:7)
  Amaemon (Lair:1)
  A fire crab (Lair:5)
  Pikel (D:7)
  An orc knight (D:11)
  A cyclops (D:12)
  Maurice (D:12)
  10 black mambas
  An ice statue (IceCv)
  4 cane toads
  An orange demon (Lair:1)
  Joseph (D:8)
  An unseen horror (D:10)
  4 komodo dragons
  3 kobold demonologists
  2 rime drakes
  A tengu conjurer (D:13)
  17 polar bears
  6 trolls
  A hornet (D:8)
  6 blink frogs
  Prince Ribbit (D:6)
  5 slime creatures (D:12)
  2 water elementals (D:13)
  5 wyverns
  3 shadows
  65 yaks
  2 basilisks
  5 wraiths
  3 fire elementals (D:13)
  Grum (D:8)
  4 steam dragons
  2 acid dragons
  10 water moccasins
  3 hell hounds (D:13)
  11 orc warriors
  A black bear (D:5)
  2 sky beasts
  5 ice beasts
  3 centaurs
  25 wolves
  A phantom (D:5)
  4 lemures (D:6)
  An elf zombie (Ossuary)
  4 kobold brigands
  A necrophage (D:7)
  11 bullfrogs
  3 gnoll sergeants
  4 scorpions
  5 wights (D:9)
  6 killer bees
  3 howler monkeys
  3 human zombies (Ossuary)
  3 jellies
  7 orc priests
  A gnoll bouda (D:7)
  2 hounds
  An iguana (D:5)
  A merfolk siren (Sewer)
  15 orc wizards
  A merfolk avatar (Sewer)
  2 mummies (Ossuary)
  11 adders
  17 gnolls
  7 shadow imps
  5 white imps
  4 ufetubi
  2 adder zombies (Ossuary)
  A worm (D:6)
  A dart slug (D:4)
  56 orcs
  6 bats
  5 endoplasms
  4 giant cockroaches
  6 goblins
  8 hobgoblins
  6 jackals
  13 kobolds
  10 quokkas
  16 ball pythons
  8 frilled lizards
  2 goblin zombies (Ossuary)
  9 hobgoblin zombies (Ossuary)
  11 kobold zombies (Ossuary)
  7 orc zombies (Ossuary)
  A quokka zombie (D:7)
  31 rats
  3 rat zombies
569 creatures vanquished.

Vanquished Creatures (others)
  2 blink frogs (Lair:5)
  A water moccasin (Lair:5)
  A gnoll (D:13)
  A demonic plant (D:6)
  7 fungi
  8 plants
20 creatures vanquished.

Grand Total: 589 creatures vanquished

Notes
Turn   | Place    | Note
-------+----------+-------------------------------------------
     0 | D:1      | timneilson the Demonspawn Gladiator began the quest for the
                  | Orb.
     0 | D:1      | Reached XP level 1. HP: 16/16 MP: 1/1
   261 | D:1      | Gained mutation: A meltable shield of frost defends you.
                  | (SH +0) [demonic ancestry]
   261 | D:1      | Reached XP level 2. HP: 14/22 MP: 2/2
   446 | D:1      | Found a faded altar of an unknown god.
   756 | D:1      | Reached skill level 1 in Armour
  1088 | D:2      | Gained mutation: A meltable icy envelope protects you from
                  | harm. (AC +0) [demonic ancestry]
  1088 | D:2      | Reached XP level 3. HP: 20/28 MP: 3/3
  1308 | D:2      | Found Olluelem's Antique Weapon Emporium.
  1831 | D:3      | Reached XP level 4. HP: 34/34 MP: 4/4
  2073 | D:3      | Found a hazy altar of Hepliaklqana.
  2163 | D:3      | Reached skill level 1 in Evocations
  2163 | D:3      | Gained mutation: A meltable icy envelope protects you from
                  | harm. (AC +0) [demonic ancestry]
  2163 | D:3      | Reached XP level 5. HP: 20/39 MP: 5/5
  2781 | D:4      | Noticed a sky beast
  2794 | D:4      | Killed a sky beast
  2795 | D:4      | Gained mutation: You have a pair of small antennae on your
                  | head. [demonic ancestry]
  2795 | D:4      | Reached XP level 6. HP: 11/47 MP: 6/6
  2931 | D:4      | Found Waodo Xibbu's Book Boutique.
  3121 | D:4      | Found Bemuth's Mayhem Merchandise.
  3128 | D:4      | Found a basalt altar of Yredelemnul.
  3356 | D:4      | Found a staircase to the Ecumenical Temple.
  3380 | Temple   | Entered the Ecumenical Temple
  3743 | D:5      | Entered Level 5 of the Dungeon
  3786 | D:5      | Noticed an ice beast
  3792 | D:5      | Gained mutation: You have a somewhat thin skeletal
                  | structure. (Dex +2, Stealth+) [demonic ancestry]
  3792 | D:5      | Reached XP level 7. HP: 52/52 MP: 7/7
  3939 | D:5      | Reached skill level 5 in Long Blades
  4015 | D:5      | Found a stormy altar of Qazlal.
  4015 | D:5      | Found a shadowy altar of Dithmenos.
  4017 | D:5      | Found a radiant altar of Vehumet.
  4017 | D:5      | Found an iron altar of Okawaru.
  4101 | D:5      | Gained mutation: You have a pair of antennae on your head.
                  | [demonic ancestry]
  4101 | D:5      | Reached XP level 8. HP: 38/60 MP: 8/8
  4179 | D:5      | Found a blossoming altar of Fedhas.
  4185 | D:5      | Became a worshipper of Qazlal Stormbringer
  4235 | D:5      | Found a shimmering blue altar of Sif Muna.
  4770 | D:6      | Reached skill level 1 in Invocations
  5055 | D:6      | Found a glowing drain.
  5059 | Sewer    | Entered a sewer
  5143 | Sewer    | Reached * piety under Qazlal
  5832 | D:6      | Reached skill level 5 in Armour
  5834 | D:6      | Reached ** piety under Qazlal
  6081 | D:6      | Found an ornate altar of the Wu Jian Council.
  6316 | D:7      | Noticed Prince Ribbit
  6335 | D:6      | Killed Prince Ribbit
  6336 | D:6      | Gained mutation: You are partially covered in sharp spines.
                  | [demonic ancestry]
  6336 | D:6      | Reached XP level 9. HP: 42/66 MP: 11/11
  6534 | D:7      | Noticed Pikel
  6666 | D:6      | Reached skill level 5 in Dodging
  6755 | D:7      | Killed Pikel
  6756 | D:7      | Reached skill level 5 in Fighting
  6786 | D:7      | Found a sand-covered staircase.
  6794 | Ossuary  | Entered an ossuary
  6938 | Ossuary  | Reached *** piety under Qazlal
  7167 | D:7      | Found an opulent altar of Gozag.
  7202 | D:7      | Reached **** piety under Qazlal
  7372 | D:7      | Found an ancient bone altar of Kikubaaqudgha.
  7526 | D:8      | Noticed Erica
  7545 | D:7      | Killed Erica
  7546 | D:7      | Gained mutation: You have a moderately thin skeletal
                  | structure. (Dex +4, Stealth++) [demonic ancestry]
  7546 | D:7      | Reached XP level 10. HP: 53/74 MP: 13/13
  7620 | D:8      | Identified the +6 trident "Nengoatu" {venom, Will++ Str+4
                  | Dex-4}
  7724 | D:8      | Reached skill level 5 in Evocations
  7799 | D:8      | Noticed Joseph
  7807 | D:8      | Killed Joseph
  7808 | D:8      | Reached skill level 5 in Invocations
  8218 | D:8      | Noticed Grum
  8231 | D:8      | Killed Grum
  8237 | D:8      | Reached skill level 1 in Shields
  8945 | D:9      | Reached ***** piety under Qazlal
  9138 | D:9      | Reached XP level 11. HP: 75/81 MP: 15/15
  9138 | D:9      | Noticed a sixfirhy
  9417 | D:10     | Entered Level 10 of the Dungeon
  9429 | D:10     | Found a portal to a secret trove of treasure.
  9434 | D:10     | Identified the +6 dagger "Mucy" {freeze, rC- MP+9 Dex+5}
  9703 | D:10     | Found a sparkling altar of Nemelex Xobeh.
  9845 | D:10     | Noticed a two-headed ogre
  9851 | D:10     | Killed a two-headed ogre
 10106 | D:10     | Found a snail-covered altar of Cheibriados.
 10398 | D:11     | Found a staircase to the Lair.
 10550 | D:11     | Found Ciemnats's Armour Shoppe.
 10552 | D:11     | Found a staircase to the Orcish Mines.
 10552 | D:11     | Noticed an orc knight
 10572 | D:11     | Killed an orc knight
 10573 | D:11     | Found Ewnen's Weapon Shoppe.
 10629 | D:11     | Found a frozen archway.
 10765 | IceCv    | Entered an ice cave
 10870 | IceCv    | Reached skill level 5 in Shields
 10905 | IceCv    | Reached XP level 12. HP: 37/91 MP: 17/17
 10913 | IceCv    | Reached ****** piety under Qazlal
 11408 | IceCv    | Noticed a death yak
 11408 | IceCv    | Noticed a death yak
 11412 | IceCv    | Noticed a death yak
 11420 | IceCv    | Killed a death yak
 11425 | IceCv    | Killed a death yak
 11435 | IceCv    | Killed a death yak
 11558 | IceCv    | Noticed a death yak
 11571 | IceCv    | Killed a death yak
 11572 | IceCv    | Reached skill level 10 in Long Blades
 11612 | IceCv    | Noticed a frost giant
 11619 | IceCv    | Noticed a death yak
 11636 | IceCv    | Killed a frost giant
 11640 | IceCv    | Killed a death yak
 11663 | IceCv    | Noticed a death yak
 11673 | IceCv    | Killed a death yak
 12463 | D:12     | Gained mutation: You occasionally lose the ability to drink
                  | potions when taking damage. [a neqoxec]
 12466 | D:12     | Gained mutation: Your body sometimes deteriorates upon
                  | taking damage. [a neqoxec]
 12667 | D:12     | Noticed Josephine
 12675 | D:12     | Noticed a two-headed ogre
 12683 | D:11     | Reached XP level 13. HP: 92/98 MP: 19/19
 12706 | D:11     | Lost mutation: Your body sometimes deteriorates upon taking
                  | damage. [potion of mutation]
 12706 | D:11     | Lost mutation: You occasionally lose the ability to drink
                  | potions when taking damage. [potion of mutation]
 12706 | D:11     | Gained mutation: You possess an exceptional clarity of
                  | mind. [potion of mutation]
 12843 | D:12     | Found Deilad's Self-Improvement Boutique.
 12987 | D:12     | Killed Josephine
 13249 | D:12     | Noticed Maurice
 13252 | D:12     | Killed Maurice
 13253 | D:12     | Reached skill level 10 in Armour
 13368 | D:13     | Noticed Azrael
 13396 | D:13     | Killed Azrael
 13687 | Lair:1   | Entered Level 1 of the Lair of Beasts
 13922 | Lair:1   | Noticed Amaemon
 13989 | Lair:1   | Killed Amaemon
 14794 | Lair:2   | Found a staircase to the Shoals.
 14871 | Lair:2   | Found a hole to the Spider Nest.
 15397 | Lair:2   | Noticed a fire dragon
 15408 | Lair:2   | Killed a fire dragon
 16017 | Lair:3   | You fall into a shaft and drop 1 floor!
 16080 | Lair:4   | Reached XP level 14. HP: 97/106 MP: 21/21
 17797 | Lair:5   | Entered Level 5 of the Lair of Beasts
 17827 | Lair:5   | Reached skill level 10 in Invocations
 17845 | Lair:4   | Killed from afar by a molten gargoyle

Illustrated notes

Levels and vault maps discovered:
D:1:      sevenhm_arrival_forest_fort_large_2, layout_loops_corners,
          ebering_ecumenical_altar_petrified
D:2:      minmay_spotlight, layout_loops_ring, serial_shops,
          nicolae_shop_window_shopping
D:3:      layout_loops_ring, zin_scriptorium, nzn_hepliaklqana_mist_gate,
          minmay_starry_boxes
D:4:      layout_loops_ring, kennysheep_mini_moat,
          minmay_temple_entry_butterflies, serial_shops,
          nicolae_shop_waterfront, minmay_shop_mayhem
D:5:      layout_loops_cross, grunt_temple_overflow_open,
          overflow_temple_1_default, nrook_loot_triangle, st_stairs_3
D:6:      layout_gridville, nicolae_wu_jian_glorious_leap,
          gup_sewer_entry_spiral, serial_demonic, serial_demonic_g,
          serial_demonic_a, serial_demonic_e, serial_demonic_d
D:7:      layout_rooms, lemuel_doored_altar,
          nicolae_gozag_cash_rules_everything_around_me, enter_ossuary_4,
          uniq_prince_ribbit1, uniq_pikel
D:8:      layout_basic, serial_curves, eino_curves_02, eino_curves_01,
          uniq_joseph, uniq_erica, uniq_grum
D:9:      layout_small_grid, dk_noncrumbling_2
D:10:     kennysheep_six_static_rooms, layout_basic, cheibriados_altar_1,
          nemelex_xobeh_ov_fountains_minmay, nicolae_trove_entry_free_sample
D:11:     layout_roguey, hellmonk_lair_entry_icy, orc_david_3,
          portal_ice_cave_entry_pillars_1, special_room [special_room_orc]
D:12:     kennysheep_spiral_hall, layout_gridville, chequers_hall_statues_y,
          nicolae_shop_self_help, uniq_maurice, uniq_josephine
D:13:     statuecave_lemuel, layout_basic, david_vaults_4, minmay_the_grid_2x2
          [minmay_the_grid_pillar_ring, minmay_the_grid_mess,
          minmay_the_grid_holed_spiral, minmay_the_grid_prize_diamond_cup],
          uniq_azrael
Temple:   hellmonk_temple_rainy
Lair:1:   layout_regular_city, uniq_amaemon
Lair:2:   dragon1_lemuel, layout_gridlike, shoals_dummy_entry,
          spider_nest_entry_web_field, hangedman_lair_generics_rect
Lair:3:   layout_cave_pods
Lair:4:   layout_gridlike, serial_bayou_shore_b
Lair:5:   cheibrodos_lair_end_hotspot, layout_cave_pods,
          nicolae_slime_entry_slimehenge, st_stairs_10

Skill      XL: |  1  2  3  4  5  6  7  8  9 10 11 12 13 14 |
---------------+-------------------------------------------+-----
Long Blades    | 3 4 5 6 7 8 9 10 11 | 11.5
Armour         | 1 2 3 4 5 6 7 8 9 10 11 | 11.0
Dodging        | 3 4 5 6 7 8 |  8.3
Evocations     | 1 2 3 4 5 6 7 8 |  8.3
Fighting       | 3 4 5 6 7 8 |  8.8
Invocations    | 3 4 6 7 8 9 10 | 10.0
Shields        | 2 5 6 8 |  8.4
Throwing       | |  1.7

Action                   |  1- 3 |  4- 6 |  7- 9 | 10-12 | 13-15 || total
-------------------------+-------+-------+-------+-------+-------++-------
Melee: Long sword        |   155 |   185 |   437 |       |       ||   777
       Punch             |     2 |     3 |     4 |       |       ||     9
       Scimitar          |       |       |       |   610 |   428 ||  1038
       Unarmed           |       |       |       |       |    15 ||    15
Evoke: Wand              |       |     2 |       |       |       ||     2
  Use: Scroll            |     4 |     8 |    10 |     4 |     4 ||    30
       Potion            |       |       |     4 |     3 |    12 ||    19
Armor: Chain mail        |   125 |   104 |   394 |   254 |    41 ||   918
       Leather armour    |     1 |       |       |       |       ||     1
       Plate armour      |       |       |       |       |    77 ||    77
Dodge: Dodged            |    59 |    66 |   276 |   193 |    96 ||   690
       Repelled          |       |       |       |     3 |       ||     3
Block: Other             |    24 |    32 |   142 |    17 |     8 ||   223
       Kite shield       |       |       |       |   757 |   567 ||  1324

Table legend: (Time is in decaauts)
 A = Elapsed time spent in this place.
 B = Non-inter-level travel time spent in this place.
 C = Inter-level travel time spent in this place.
 D = Time resting spent in this place.
 E = Time spent auto-exploring this place.
 F = Levels seen in this place.
 G = Mean time per level.
                   A        B        C        D        E       F      G
               +--------+--------+--------+--------+--------+-----+--------+
         Total |  18311 |  17884 |    427 |    912 |  12253 |  22 |  832.3 |
       Dungeon |  11962 |  11614 |    348 |    580 |   8081 |  13 |  920.2 |
        Temple |     33 |     33 |      0 |      0 |      0 |   1 |   33.0 |
          Lair |   4145 |   4066 |     79 |     33 |   3352 |   5 |  829.0 |
         Sewer |    548 |    548 |      0 |      0 |    190 |   1 |  548.0 |
       Ossuary |    348 |    348 |      0 |      0 |    139 |   1 |  348.0 |
      Ice Cave |   1273 |   1273 |      0 |    299 |    490 |   1 | 1273.0 |
               +--------+--------+--------+--------+--------+-----+--------+

Top non-repeatable levels by time:
     D:6: 1674 daAuts
   IceCv: 1273 daAuts
  Lair:1: 1079 daAuts
  Lair:3: 1078 daAuts
     D:8: 1064 daAuts
     D:5: 1064 daAuts
     D:1: 1044 daAuts
  Lair:2: 996 daAuts
     D:4: 975 daAuts
     D:3: 974 daAuts
    D:10: 963 daAuts
  Lair:4: 949 daAuts
    D:12: 899 daAuts
    D:11: 845 daAuts
     D:9: 804 daAuts
